 Dungeon Crawl Stone Soup version 0.27.1-34-g3ba077fa99 (webtiles) character file.

Game seed: 11026476619593297000

112 Delamore the Sneak (level 4, 0/29 HPs)
             Began as an Octopode Brigand on Feb 4, 2022.
             Slain by an adder (2 damage)
             ... in a sewer.
             The game lasted 00:03:13 (2252 turns).

Delamore the Sneak (Octopode Brigand)               Turns: 2252, Time: 00:03:13

Health: 0/29       AC:  1    Str: 10    XL:     4   Next: 95%
Magic:  4/4        EV: 12    Int: 13    God:
Gold:   100        SH:  0    Dex: 14    Spells: 3/3 levels left

rFire    . . .     SeeInvis .   h - +2 dagger (venom)
rCold    . . .     Faith    .   (no shield)
rNeg     . . .     Spirit   .   (helmet restricted)
rPois    .         Reflect  .   (no amulet)
rElec    .         Harm     .   (no ring)
rCorr    .         Rampage  .   (no ring)
Will     .....                  (no ring)
Stlth    +++++.....             (no ring)
HPRegen  0.09/turn              (no ring)
MPRegen  0.09/turn              (no ring)
                                (no ring)
                                (no ring)

@: lethally poisoned (0 -> -1)
A: almost no armour, amphibious, 8 rings, camouflage 1, gelatinous body 1,
(nimble swimmer 1), tentacles
a: no special abilities


You were in a sewer.
You visited 1 branch of the dungeon, and saw 3 of its levels.
You also visited: Sewer.

You collected 100 gold pieces.

Inventory:

Hand Weapons
 a - a +2 dagger
 h - a +2 dagger of venom (weapon)
Missiles
 b - 18 poisoned darts (quivered)
 c - 2 curare-tipped darts
Scrolls
 d - a scroll of teleportation
 e - a scroll of enchant weapon
 f - a scroll of enchant armour
 g - a scroll of amnesia {unknown}
 i - a scroll of fear {unknown}
 j - a scroll of blinking {unknown}
 l - a scroll of silence {unknown}
Potions
 k - 2 potions of might {unknown}


   Skills:
 - Level 2.0 Fighting
 + Level 3.2 Short Blades
 - Level 2.0 Throwing
 - Level 1.0 Dodging
 * Level 7.6 Stealth


You had 3 spell levels left.
You didn't know any spells.
Your spell library contained the following spells:

 Spells                   Type           Power      Damage    Failure   Level
 Static Discharge         Conj/Air       0%         N/A       43%         2
 Dispel Undead            Necr           0%         3d6       97%         4
 Sticky Flame             Conj/Fire      0%         2d3       97%         4


Dungeon Overview and Level Annotations

Branches:
Dungeon (3/15)              Sewer (1/1)

Altars:


Innate Abilities, Weirdness & Mutations

You cannot wear most types of armour.
You are amphibious.
You can wear up to eight rings at the same time.
Your skin changes colour to match your surroundings (Stealth+).
Your rubbery body absorbs attacks. (AC +1, EV +1)
((You are camouflaged near water. (Stealth+)))
You have tentacles for arms and can constrict up to eight enemies at once.


Message History

Your grab misses the adder.
A giant cockroach comes into view.
The quokka closely misses you.
You miss the adder. Your grab misses the adder. Your squeeze misses the adder.
The adder bites you.
You are poisoned.
The adder poisons you! The adder bites you.
The quokka bites you but does no damage.
You hit the adder.
The adder is poisoned.
Your grab misses the adder.
The adder is heavily wounded.
You feel sick. The adder closely misses you. The adder bites you.
The quokka misses you.
You closely miss the adder. You grab the adder.
The adder is heavily wounded.
You constrict the adder.
You feel sick. The adder bites you. The adder barely misses you.
The quokka splashes around in the water.
You are too injured to fight recklessly!
You are too injured to fight recklessly!
You are too injured to fight recklessly!
You are too injured to fight recklessly!
You are too injured to fight recklessly!
You are too injured to fight recklessly!
You are too injured to fight recklessly!
You are too injured to fight recklessly!
You are too injured to fight recklessly!
You are too injured to fight recklessly!
You are too injured to fight recklessly!
You are too injured to fight recklessly!
You are too injured to fight recklessly!
You release your grip on the adder.
You feel sick. The adder bites you.
* * * LOW HITPOINT WARNING * * *
You miss the adder. You grab the adder. You squeeze the adder.
The adder is heavily wounded.
You constrict the adder.
You feel sick. The adder bites you.
* * * LOW HITPOINT WARNING * * *
The adder bites you.
* * * LOW HITPOINT WARNING * * *
The adder bites you.
You die...

#≈≈ #≈ #≈≈# ###≈ .≈≈
#≈.≈ #B. #≈≈# #≈B##
##..# #≈≈≈# #≈.≈#
#≈≈## ##≈≈## #.Sr##
##≈.≈#≈ #≈S@≈###
###≈≈†.#≈
##≈.†≈≈#####.≈≈..##∩
##≈.≈≈≈.≈≈≈≈.≈≈####
##≈≈≈≈≈≈≈..≈≈##
###≈≈.≈≈.≈###
#########


You could see 2 adders, a quokka and 2 giant cockroaches.

Vanquished Creatures
  Terence (D:3)
  An adder (D:3)
  A worm (D:3)
  A dart slug (D:2)
  An orc (D:2)
  8 endoplasms
  11 giant cockroaches
  8 goblins
  3 hobgoblins
  3 kobolds
  3 quokkas
  6 ball pythons
  6 bats
  3 frilled lizards
  7 rats
63 creatures vanquished.

Notes
Turn   | Place    | Note
-------+----------+-------------------------------------------
     0 | D:1      | Delamore the Octopode Brigand began the quest for the Orb.
     0 | D:1      | Reached XP level 1. HP: 14/14 MP: 1/1
   358 | D:1      | Reached XP level 2. HP: 19/19 MP: 2/2
   393 | D:1      | Found a faded altar of an unknown god.
   431 | D:1      | Reached skill level 6 in Stealth
   710 | D:1      | Reached XP level 3. HP: 24/24 MP: 3/3
  1519 | D:3      | Noticed Terence
  1528 | D:3      | Killed Terence
  1529 | D:3      | Reached skill level 7 in Stealth
  1529 | D:3      | Reached XP level 4. HP: 6/29 MP: 4/4
  1871 | D:3      | Found a glowing drain.
  1943 | Sewer    | Entered a sewer
  2252 | Sewer    | Slain by an adder

Illustrated notes

Levels and vault maps discovered:
D:1:      elethiomel_arrival_infinity_welcomes_careful_drivers,
          layout_loops_ring, hellmonk_ecumenical_altar_heavens_door,
          minmay_misc_feat_enclosed
D:2:      layout_basic, minmay_tripent
D:3:      layout_loops_ring, led_xom_imps, tso_altar,
          cheibrodos_sewer_entry_bend, serial_shops, shop,
          chequers_serial_rivers_room_b, guppyfry_early_orc_mine, uniq_terence
Sewer:    sewer_frog_island_02

Skill      XL: |  1  2  3 |
---------------+----------+-----
Stealth        | 6 7 |  7.6
Short Blades   | 3 |  3.2
Fighting       | |  2.0
Throwing       | |  2.0
Dodging        | |  1.0

Action                   |  1- 3 |  4- 6 || total
-------------------------+-------+-------++-------
Melee: Dagger            |    57 |    45 ||   102
       Tentacles         |    10 |     7 ||    17
       Constrict         |    12 |     9 ||    21
  Use: Scroll            |     3 |       ||     3
 Stab: Sleeping          |    16 |     8 ||    24
Armor: Skin              |     1 |     1 ||     2
Dodge: Dodged            |    23 |    17 ||    40
